 Dungeon Crawl Stone Soup version 0.31-a0-536-ga3e2962e35 (webtiles) character file.

Game seed: 10213048490473557365

212 Ethylacetat the Ducker (level 5, -6/37 HPs)
             Began as an Octopode Gladiator on Aug 13, 2023.
             Mangled by an ogre
             ... wielding a +0 giant club
              (12 damage)
             ... on level 4 of the Dungeon.
             The game lasted 00:01:45 (2383 turns).

Ethylacetat the Ducker (Octopode Gladiator)         Turns: 2383, Time: 00:01:45

Health: -6/37      AC:  1    Str: 14    XL:     5   Next: 89%
Magic:  5/5        EV: 14    Int: 10    God:
Gold:   244        SH:  0    Dex: 15    Spells: 4/4 levels left

rFire   + . .        a - +0 rapier
rCold   . . .        (no shield)
rNeg    . . .        b - +0 hat
rPois   .            (no amulet)
rElec   .            e - ring of protection from fire
rCorr   .            (no ring)
SInv    .            (no ring)
Will    .....        (no ring)
Stlth   ++++         (no ring)
HPRegen 0.26/turn    (no ring)
MPRegen 0.09/turn    (no ring)
                     (no ring)

%: no passive effects
@: no status effects
A: almost no armour, amphibious, 8 rings, camouflage 1, gelatinous body 1,
(nimble swimmer 1), tentacles
a: no special abilities


You were on level 4 of the Dungeon.
You visited 1 branch of the dungeon, and saw 4 of its levels.

You collected 244 gold pieces.

Inventory:

Hand Weapons
 a - a +0 rapier (weapon)
Missiles
 c - 3 throwing nets (quivered)
 d - a javelin
Armour
 b - a +0 hat (worn)
Jewellery
 e - a ring of protection from fire (left tentacle)
Wands
 l - a wand of polymorph (18)
Scrolls
 g - 5 scrolls of identify {unknown}
 h - a scroll of blinking {unknown}
 i - a scroll of vulnerability {unknown}
 j - a scroll of fog {unknown}
 k - 2 scrolls of teleportation {unknown}
Potions
 f - 3 potions of attraction {unknown}
 m - a potion of lignification {unknown}


   Skills:
 + Level 3.7 Fighting
 - Level 3.0 Short Blades
 - Level 2.0 Throwing
 + Level 4.3 Dodging
 + Level 4.3 Stealth


You had 4 spell levels left.
You didn't know any spells.
Your spell library contained the following spells:

 Spells                   Type           Power      Damage    Failure   Level
 Apportation              Tloc           0%         N/A       36%         1
 Necrotise                Necr           0%         1d4       36%         1
 Summon Small Mammal      Summ           0%         N/A       36%         1


Dungeon Overview and Level Annotations

Branches:
Dungeon (4/15)
 Temple: D:4-7

Altars:
Wu Jian

Annotations:
D:3 Natasha


Innate Abilities, Weirdness & Mutations

You cannot wear most types of armour.
You are amphibious.
You can wear up to eight rings at the same time.
Your skin changes colour to match your surroundings (Stealth+).
Your rubbery body absorbs attacks. (AC +1, EV +1)
((You are camouflaged when in or above water. (Stealth+)))
You have tentacles for arms and can constrict up to eight enemies at once.


Message History

Things that are here:
a +0 club; a +0 leather armour HP restored.
An endoplasm comes into view.
An endoplasm is nearby!
Found 29 gold pieces.
You see here a book of Cantrips.
Found a buckler and a smoky pink potion.
You hit the endoplasm.
You kill the endoplasm!
No target in view!
No target in view!
No target in view!
You now have 232 gold pieces (gained 17).
You pick up a book of Cantrips and begin reading...
You add the spells Necrotise, Summon Small Mammal and Apportation to your library.
No target in view!
l - a wand of polymorph (18) (gained 8 charges)
You now have 244 gold pieces (gained 12).
An ogre comes into view. It is wielding a +0 giant club.
An ogre is nearby!
An ogre is nearby!
An ogre is nearby!
An ogre is nearby!
An ogre is nearby!
The helpless ogre fails to defend itself.
You puncture the ogre! Your squeeze misses the ogre.
The ogre is heavily wounded.
The ogre hits you with a +0 giant club!!
Ouch! That really hurt!
* * * LOW HITPOINT WARNING * * *
An ogre is nearby!
You are too injured to fight recklessly!
You are too injured to fight recklessly!
You hit the ogre.
The ogre is severely wounded.
You hit the ogre.
The ogre is severely wounded.
The ogre hits you with a +0 giant club!
You die...

#######
#######.....###########
...............@O......
#.######.########.######
#.# ##.# .# #.# #..# ..
#.# #.## ### #.# #.# #.#
#.# #.#####.# ........#


You could see an ogre.

Vanquished Creatures
  Ijyb (D:3)
  Natasha (twice) (D:3)
  3 gnolls (D:3)
  5 adders
  3 dart slugs
  4 orcs (D:4)
  5 endoplasms
  2 giant cockroaches
  4 goblins
  2 hobgoblins
  2 jackals (D:1)
  6 kobolds
  2 quokkas
  4 ball pythons
  7 bats
  A frilled lizard (D:2)
  4 rats
57 creatures vanquished.

Notes
Turn   | Place    | Note
-------+----------+-------------------------------------------
     0 | D:1      | Ethylacetat the Octopode Gladiator began the quest for the
                  | Orb.
     0 | D:1      | Reached XP level 1. HP: 14/14 MP: 1/1
   254 | D:1      | Reached skill level 1 in Stealth
   267 | D:1      | Reached XP level 2. HP: 19/19 MP: 2/2
   959 | D:2      | Reached XP level 3. HP: 19/25 MP: 3/3
  1161 | D:2      | Found an ornate altar of the Wu Jian Council.
  1483 | D:2      | Found a faded altar of an unknown god.
  1589 | D:3      | Noticed Natasha
  1596 | D:3      | Killed Natasha
  1597 | D:3      | Reached XP level 4. HP: 30/31 MP: 4/4
  1719 | D:3      | Noticed Ijyb
  1733 | D:3      | Killed Ijyb
  1734 | D:3      | Reached XP level 5. HP: 33/36 MP: 5/5
  1839 | D:3      | Noticed Natasha
  1844 | D:3      | Killed Natasha
  2054 | D:3      | Noticed Natasha
  2374 | D:4      | Noticed an ogre
  2383 | D:4      | Mangled by an ogre

Illustrated notes

Levels and vault maps discovered:
D:1:      wheals_arrival_shading, layout_basic
D:2:      layout_loops_cross, hellmonk_ecumenical_altar_inner_sanctum,
          basic_altar, corexii_leaking_fountain
D:3:      layout_basic, uniq_ijyb, uniq_natasha
D:4:      layout_loops_ring, gammafunk_temple_overflow_elements,
          minmay_temple_entry_offerings

Skill      XL: |  1  2  3  4  5 |
---------------+----------------+-----
Stealth        | 1 2 3 4 |  4.3
Fighting       | 3 |  3.7
Dodging        | 4 |  4.3
Short Blades   | |  3.0
Throwing       | |  2.0

Action                     |  1- 3 |  4- 6 || total
---------------------------+-------+-------++-------
  Melee: Rapier            |    57 |    49 ||   106
         Constrict         |    17 |    11 ||    28
         Tentacles         |     9 |     8 ||    17
         Unarmed           |       |     2 ||     2
   Stab: Sleeping          |     7 |     9 ||    16
 Armour: Skin              |     3 |     4 ||     7
  Dodge: Dodged            |    35 |    21 ||    56

Table legend: (Time is in decaauts)
 A = Elapsed time spent in this place.
 B = Non-inter-level travel time spent in this place.
 C = Inter-level travel time spent in this place.
 D = Time resting spent in this place.
 E = Time spent auto-exploring this place.
 F = Levels seen in this place.
 G = Mean time per level.
                   A        B        C        D        E       F      G
               +--------+--------+--------+--------+--------+-----+--------+
         Total |   2384 |   2334 |     50 |      0 |   1973 |   4 |  596.0 |
       Dungeon |   2384 |   2334 |     50 |      0 |   1973 |   4 |  596.0 |
               +--------+--------+--------+--------+--------+-----+--------+

Top non-repeatable levels by time:
     D:1: 820 daAuts
     D:2: 770 daAuts
     D:3: 604 daAuts
     D:4: 189 daAuts
